 Dungeon Crawl Stone Soup version 0.20.1-1-g8b1a95d (webtiles) character file.

256 gobwax the Firebug (level 6, -1/36 HPs)
             Began as an Octopode Fire Elementalist on Aug 25, 2017.
             Killed by divine providence
             ... invoked by an orc priest
              (11 damage)
             ... on level 3 of the Dungeon.
             The game lasted 00:22:16 (4327 turns).

gobwax the Firebug (Octopode Fire Elementalist)     Turns: 4327, Time: 00:22:19

Health: -1/36      AC:  1    Str:  7    XL:     6   Next: 15%
Magic:  10/11      EV: 19    Int: 19    God:
Gold:   146        SH:  0    Dex: 22    Spells: 1/11 levels left

rFire    . . .     SeeInvis .   l - +3 spear
rCold    . . .     Gourm    .   (no shield)
rNeg     . . .     Faith    .   (helmet restricted)
rPois    .         Spirit   .   (no amulet)
rElec    .         Reflect  .   (no ring)
rCorr    .         Harm     .   (no ring)
MR       .....     Clarity  +   (no ring)
Stlth    +++++.....             (no ring)
Regen    0.2/turn               (no ring)
MPRegen  0.2/turn               (no ring)
                                (no ring)
                                (no ring)

@: agile
A: almost no armour, stealthy swim, amphibious, 8 rings, constrict 8, beak,
camouflage 1, agile 2, clarity, gelatinous body 1
a: no special abilities


You were on level 3 of the Dungeon.
You were not hungry.

You visited 1 branch of the dungeon, and saw 3 of its levels.

You collected 146 gold pieces.

Inventory:

Hand Weapons
 j - a +1 dagger of venom
 l - a +3 spear (weapon)
Scrolls
 c - 2 scrolls of magic mapping
 d - 3 scrolls of teleportation {unknown}
 e - a scroll of fear
 g - 3 scrolls of remove curse
 h - a scroll of blinking
 i - 7 scrolls of identify {unknown}
 q - a scroll of amnesia {unknown}
Potions
 k - a potion of haste {unknown}
 m - a potion of magic {unknown}
 o - a potion of brilliance {unknown}
Books
 a - a book of Flames

   Spells                             Type                      Level
   a - Flame Tongue                   Conjuration/Fire             1
   b - Throw Flame                    Conjuration/Fire             2
   c - Conjure Flame                  Conjuration/Fire             3
   d - Inner Flame                    Hexes/Fire                   3
   e - Sticky Flame                   Conjuration/Fire             4
   f - Fireball                       Conjuration/Fire             5
Comestibles
 b - a bread ration
 f - 3 meat rations
 n - 2 fruits


   Skills:
 - Level 2.0 Dodging
 - Level 2.6 Stealth
 + Level 3.4 Spellcasting
 + Level 2.6 Conjurations
 + Level 5.2 Fire Magic


You had one spell level left.
You knew the following spells:

 Your Spells              Type           Power        Failure   Level  Hunger
a - Flame Tongue          Conj/Fire      ###..        3%          1    None
b - Throw Flame           Conj/Fire      ###...       4%          2    ##.....
c - Conjure Flame         Conj/Fire      ###.....     9%          3    ###....
d - Sticky Flame          Conj/Fire      ###.....     28%         4    ####...


Dungeon Overview and Level Annotations

Branches:
Dungeon (3/15)

Altars:


Innate Abilities, Weirdness & Mutations

You cannot wear most types of armour.
You are very stealthy in the water. (Stealth+)
You are amphibious.
You can wear up to eight rings at the same time.
You can use your tentacles to constrict eight enemies at once.
Your skin changes colour to match your surroundings (Stealth+).
Your rubbery body absorbs attacks. (AC +1, EV +1)
You have a beak for a mouth.
You are very agile. (Dex +4)
You possess an exceptional clarity of mind.


Message History

Press: ? - help, Shift-Dir - straight line, f - orc priest
Aim: an orc priest, wielding a club and wearing a chain mail (moderately wounded, constricted by you)
The flame tongue hits the orc priest.
The orc priest is heavily wounded.
You constrict the orc priest, but do no damage.
The orc hits you with a flail!
* * * LOW HITPOINT WARNING * * *
The orc priest barely misses you.
It was a potion of agility.
You feel agile all of a sudden.
You constrict the orc priest, but do no damage.
The orc misses you.
The orc priest hits you but does no damage.
You hit the orc priest.
The orc priest is almost dead.
You constrict the orc priest, but do no damage.
The orc misses you.
The orc priest calls down the wrath of Beogh upon you.
Beogh smites you!
You die...

##### ### ##...#####
#.. #........# #..
#......%.# #..
#.>......# #..
###........# #..
.....)..... #..
!......oo# ###
.......@.##
..........###
............#
..........#.#
..........#.##########
###########.#........#
#....<.....#
###........##
#.........#


You could see an orc priest and an orc.

Vanquished Creatures
  Terence (D:1)
  An orc wizard (D:3)
  3 gnolls (D:3)
  7 adders (D:2)
  3 worms
  3 dart slugs
  2 leopard geckos (D:1)
  4 orcs (D:3)
  2 ball pythons
  6 bats
  2 giant cockroaches
  11 goblins
  10 hobgoblins
  13 jackals
  5 frilled lizards
  10 kobolds
  11 rats
94 creatures vanquished.

Notes
Turn   | Place    | Note
-------+----------+-------------------------------------------
     0 | D:1      | gobwax the Octopode Fire Elementalist began the quest for the Orb.
     0 | D:1      | Reached XP level 1. HP: 11/11 MP: 3/3
    74 | D:1      | Reached XP level 2. HP: 11/17 MP: 0/5
  1174 | D:1      | Reached XP level 3. HP: 12/21 MP: 6/6
  1461 | D:1      | Reached skill level 4 in Fire Magic
  1656 | D:1      | Learned a level 2 spell: Throw Flame
  1660 | D:1      | Learned a level 3 spell: Conjure Flame
  1875 | D:2      | Noticed Terence
  2261 | D:1      | Gained mutation: You have a beak for a mouth. [potion of mutation]
  2261 | D:1      | Gained mutation: You are agile. (Dex +2) [potion of mutation]
  2261 | D:1      | Gained mutation: You are very agile. (Dex +4) [potion of mutation]
  2261 | D:1      | Gained mutation: You possess an exceptional clarity of mind. [potion of mutation]
  2268 | D:1      | Killed Terence
  2268 | D:1      | Reached XP level 4. HP: 18/27 MP: 0/8
  2671 | D:2      | You fall through a shaft!
  2745 | D:3      | Reached XP level 5. HP: 26/31 MP: 9/9
  3382 | D:2      | Reached skill level 5 in Fire Magic
  3632 | D:2      | Learned a level 4 spell: Sticky Flame
  3913 | D:3      | Reached XP level 6. HP: 25/36 MP: 8/11
  4327 | D:3      | Killed from afar by an orc priest

Skill      XL: |  1  2  3  4  5 |
---------------+----------------+-----
Fire Magic     | 4 5 |  5.2
Spellcasting   | 3 |  3.4
Conjurations   | 2 |  2.6
Dodging        | |  2.0
Stealth        | |  2.6

Action                   |  1- 3 |  4- 6 || total
-------------------------+-------+-------++-------
Melee: Unarmed           |    18 |       ||    18
       Tentacles         |    10 |    12 ||    22
       Constrict         |    22 |    22 ||    44
       Dagger            |    53 |    68 ||   121
       Peck              |     1 |    11 ||    12
       Spear             |       |     9 ||     9
 Cast: Flame Tongue      |    18 |    35 ||    53
       Conjure Flame     |     3 |     4 ||     7
       Throw Flame       |     3 |       ||     3
  Use: Scroll            |     5 |       ||     5
       Potion            |     4 |     1 ||     5
 Stab: Sleeping          |     5 |    13 ||    18
  Eat: Chunk             |     4 |     8 ||    12
Armor: Skin              |     2 |     2 ||     4
Dodge: Dodged            |    55 |    54 ||   109
